 Dungeon Crawl Stone Soup version 0.28.0-53-g5a82cb258f (webtiles) character file.

Game seed: 4061669592435796012

58 Descartes the Chopper (level 4, -3/28 (33) HPs)
             Began as a Formicid Warper on May 28, 2022.
             Slain by an orc
             ... wielding a +0 hand axe
              (5 damage)
             ... on level 3 of the Dungeon.
             The game lasted 00:01:59 (1994 turns).

Descartes the Chopper (Formicid Warper)             Turns: 1994, Time: 00:01:59

HP:   -3/28 (33)    AC:  4    Str: 17    XL:     4   Next: 21%
MP:   7/7           EV: 11    Int: 13    God:
Gold: 95            SH:  0    Dex: 10    Spells: 7/7 levels left

rFire   . . .      SeeInvis +   a - +0 hand axe
rCold   + . .      Faith    .   (no shield)
rNeg    . . .      Spirit   .   k - +0 leather armour of the Harvest {rC+}
rPois   .          Reflect  .   (helmet unavailable)
rElec   .          Harm     .   (no cloak)
rCorr   .          Rampage  .   (no gloves)
Will    .....                   h - +0 pair of boots
Stlth   +.........              (no amulet)
HPRegen 0.09/turn               (no ring)
MPRegen 0.10/turn               (no ring)

@: heavily drained
A: permanent stasis, dig shafts and tunnels, antennae 3, four strong arms
a: Dig, Shaft Self


You were on level 3 of the Dungeon.
You visited 1 branch of the dungeon, and saw 3 of its levels.

You collected 95 gold pieces.

Inventory:

Hand Weapons
 a - a +0 hand axe (weapon)
 p - a +0 fustibalus
Missiles
 c - 5 boomerangs of dispersal (quivered)
 d - 54 stones
Armour
 b - a +0 leather armour
 h - a +0 pair of boots (worn)
 k - the +0 leather armour of the Harvest (worn) {rC+}
   (You found it on level 2 of the Dungeon)

   rC:        It protects you from cold.
Scrolls
 f - a scroll of enchant armour {unknown}
 i - a scroll of identify {unknown}
 l - a scroll of noise {unknown}
 n - 2 scrolls of vulnerability {unknown}
Potions
 e - a potion of haste {unknown}
 g - 2 potions of lignification {unknown}
 j - a potion of might {unknown}
 m - a potion of curing {unknown}
 o - 2 potions of ambrosia {unknown}


   Skills:
 - Level 2.1 Fighting
 + Level 2.8 Axes
 - Level 1.0 Throwing
 + Level 2.4 Armour
 - Level 1.7 Dodging
 + Level 2.2 Shields
 - Level 2.1 Spellcasting
 - Level 2.6 Translocations


You had 7 spell levels left.
You didn't know any spells.
Your spell library contained the following spells:

 Spells                   Type           Power      Damage    Failure   Level
 Gell's Gravitas          Tloc           8%         N/A       30%         3
 Lesser Beckoning         Tloc           8%         N/A       30%         3
 Teleport Other           Tloc           8%         N/A       30%         3
 Manifold Assault         Tloc           8%         N/A       95%         5
 Blink                    Tloc           Unusable   N/A       N/A         2

Dungeon Overview and Level Annotations

Branches:
Dungeon (3/15)

Altars:

Annotations:
D:3 1 runed translucent door, Crazy Yiuf


Innate Abilities, Weirdness & Mutations

You cannot be hasted, slowed, berserked, paralysed or teleported.
You can dig through walls and to a lower floor.
You have a pair of large antennae on your head. (SInv)
Your four strong arms can wield two-handed weapons with a shield.


Message History

You are too injured to fight recklessly!
You are too injured to fight recklessly!
You are too injured to fight recklessly!
You are too injured to fight recklessly!
You are too injured to fight recklessly!
Unknown command.
You extend your mandibles.
You dig through the rock wall.
You feel drained.
You dig through the rock wall.
You feel drained.
You dig through the rock wall.
You feel drained.
You retract your mandibles.
You hit the orc.
The orc is severely wounded.
The orc hits you with a +0 flail!
* * * LOW HITPOINT WARNING * * *
The orc completely misses you.
You hit the orc.
You kill the orc!
The ball python bites you but does no damage.
The ball python barely misses you.
You barely miss the ball python.
The ball python bites you but does no damage.
The ball python closely misses you.
You hit the ball python.
You kill the ball python!
The orc hits you but does no damage.
Things that are here:
a +0 flail; an orc corpse You hit the orc.
The orc is heavily wounded.
The orc misses you.
You completely miss the orc.
The orc is heavily wounded.
The orc hits you with a +0 whip.
* * * LOW HITPOINT WARNING * * *
The orc hits you with a +0 whip.
* * * LOW HITPOINT WARNING * * *
You hit the orc.
You kill the orc!
The orc hits you with a +0 hand axe.
You die...

#.# #.# ... +#
#.# .# #o# .#
#.# .## #.### {
..## #{#o##
...##### #o.#@#
.......# #.####
.#####.######.#
.# #........#
.# ##########
##


You could see an orc.

Vanquished Creatures
  An adder (D:2)
  A worm (D:2)
  2 dart slugs
  2 orcs (D:3)
  5 bats
  6 endoplasms
  3 giant cockroaches
  A goblin (D:2)
  4 hobgoblins
  3 kobolds
  A quokka (D:2)
  5 ball pythons
  2 frilled lizards (D:2)
  3 rats
39 creatures vanquished.

Notes
Turn   | Place    | Note
-------+----------+-------------------------------------------
     0 | D:1      | Descartes the Formicid Warper began the quest for the Orb.
     0 | D:1      | Reached XP level 1. HP: 16/16 MP: 3/3
   140 | D:1      | Reached XP level 2. HP: 22/22 MP: 5/5
   151 | D:1      | Reached skill level 1 in Shields
   938 | D:2      | Reached XP level 3. HP: 27/27 MP: 6/6
  1323 | D:2      | Identified the +0 leather armour of the Harvest {rC+}
  1765 | D:2      | Reached XP level 4. HP: 30/33 MP: 7/7
  1912 | D:3      | Found a runed translucent door.
  1913 | D:3      | Noticed Crazy Yiuf
  1994 | D:3      | Slain by an orc

Illustrated notes

Levels and vault maps discovered:
D:1:      dpeg_arrival_central, layout_loops_ring, serial_forest,
          infiniplex_forest_lined_3, infiniplex_forest_lined_3,
          infiniplex_forest_straight_3, infiniplex_forest_straight_2,
          infiniplex_forest_corner_1, infiniplex_forest_zigzag_1,
          infiniplex_forest_side_room
D:2:      layout_basic, chequers_jeans, kennysheep_generic_room_2
D:3:      layout_loops_corners, cheibrodos_ashenzari_chains, serial_shops,
          nicolae_diamond_shop, ebering_ecumenical_altar_ruins,
          chequers_serial_rivers_large_a, uniq_crazy_yiuf_cottage, uniq_jessica

Skill      XL: |  1  2  3 |
---------------+----------+-----
Shields        | 1 2 |  2.2
Armour         | 2 |  2.4
Fighting       | |  2.1
Axes           | |  2.8
Throwing       | |  1.0
Dodging        | |  1.7
Spellcasting   | |  2.1
Translocations | |  2.6

Action                   |  1- 3 |  4- 6 || total
-------------------------+-------+-------++-------
Melee: Hand axe          |   106 |    26 ||   132
       Punch             |     2 |       ||     2
 Abil: Dig               |       |     1 ||     1
Armor: Leather armour    |    36 |    13 ||    49
Dodge: Dodged            |    73 |    19 ||    92
